 Dungeon Crawl Stone Soup version 0.23.2-40-g277498a001 (webtiles) character file.

Game seed: 1040047896058656815

114 Marnok the Skirmisher (level 5, 0/41 HPs)
             Began as a Human Fighter on Oct 18, 2019.
             Slain by a giant cockroach (2 damage)
             ... on level 4 of the Dungeon.
             The game lasted 00:04:43 (2354 turns).

Marnok the Skirmisher (Human Fighter)               Turns: 2354, Time: 00:04:44

Health: 0/41       AC:  6    Str: 16 (17) XL:     5   Next: 18%
Magic:  5/5        EV:  7    Int:  9      God:
Gold:   86         SH: 10    Dex: 12      Spells: 4/4 levels left

rFire    . . .     SeeInvis .   a - +0 trident
rCold    . . .     Gourm    .   c - +1 shield
rNeg     . . .     Faith    .   b - +0 scale mail
rPois    .         Spirit   .   (no helmet)
rElec    .         Reflect  .   (no cloak)
rCorr    .         Harm     .   (no gloves)
MR       +....                  (no boots)
Stlth    ..........             (no amulet)
HPRegen  0.13/turn              (no ring)
MPRegen  0.09/turn              (no ring)

@: no status effects
A: magic resistance 1, MP-powered wands
a: no special abilities


You were on level 4 of the Dungeon.
You were near starving.

You visited 1 branch of the dungeon, and saw 4 of its levels.

You collected 86 gold pieces.

Inventory:

Hand Weapons
 a - a +0 trident (weapon)
Armour
 b - a +0 scale mail (worn)
 c - a +1 shield (worn)
Jewellery
 g - an uncursed ring of resist corrosion
 n - a +4 ring of intelligence
Scrolls
 j - a scroll of random uselessness {unknown}
 k - a scroll of noise {unknown}
 m - a scroll of teleportation {unknown}
 q - a scroll of fog {unknown}
Potions
 d - a potion of might
 l - a potion of haste
Comestibles
 f - 4 rations
 h - a chunk of flesh


   Skills:
 + Level 3.6 Fighting
 + Level 2.9 Polearms
 + Level 3.5 Armour
 + Level 1.3 Dodging
 + Level 3.6 Shields


You had 4 spell levels left.
You didn't know any spells.
Your spell library was empty.

Dungeon Overview and Level Annotations

Branches:
Dungeon (4/15)             Temple (0/1) D:4

Altars:


Innate Abilities, Weirdness & Mutations

You are resistant to hostile enchantments. (MR+)
You expend magic power (3 MP) to strengthen your wands.


Message History

The giant cockroach is severely wounded.
The giant cockroach bites you.
* * * LOW HITPOINT WARNING * * *
The giant cockroach barely misses you. You block the giant cockroach's attack.
The giant cockroach bites you but does no damage.
You hit the giant cockroach but do no damage.
The giant cockroach is severely wounded.
The giant cockroach bites you but does no damage.
The giant cockroach barely misses you.
You hit the giant cockroach.
The giant cockroach is almost dead.
The giant cockroach bites you but does no damage.
You block the giant cockroach's attack.
The giant cockroach completely misses you.
You puncture the giant cockroach!
You kill the giant cockroach!
You block the giant cockroach's attack.
A leopard gecko comes into view.
The giant cockroach bites you.
You die...

##############
##..÷.........#
#..#########≈.#
#.##≈≈≈≈.≈≈s≈≈#
######.#≈.≈≈≈≈≈≈@.##
......<#,l#########
########,,≈≈≈≈≈≈**
**≈≈,∩,≈≈,**
**≈≈≈≈≈≈,,* ******
*********,,*
,,,,,***≈≈≈≈≈≈≈≈,,*
****,**≈≈,≈,≈≈,≈≈**
*,**,≈≈********


You could see a leopard gecko (wandering) and a giant cockroach.

Vanquished Creatures
  A hound (D:4)
  5 adders
  3 worms (D:2)
  3 leopard geckos
  4 giant cockroaches
  3 goblins
  2 hobgoblins
  3 bats
  4 kobolds
  6 rats
34 creatures vanquished.

Notes
Turn   | Place    | Note
-------+----------+-------------------------------------------
     0 | D:1      | Marnok the Human Fighter began the quest for the Orb.
     0 | D:1      | Reached XP level 1. HP: 18/18 MP: 1/1
   232 | D:1      | Reached XP level 2. HP: 24/24 MP: 2/2
   374 | D:2      | Reached XP level 3. HP: 23/29 MP: 3/3
   910 | D:2      | Gained mutation: You expend magic power (3 MP) to
                  | strengthen your wands. [potion of mutation]
   910 | D:2      | Gained mutation: You are resistant to hostile enchantments.
                  | (MR+) [potion of mutation]
  1374 | D:2      | Reached XP level 4. HP: 33/35 MP: 4/4
  2155 | D:3      | Reached skill level 1 in Dodging
  2314 | D:4      | Reached XP level 5. HP: 11/41 MP: 5/5
  2347 | D:4      | HP: 2/41 [giant cockroach (2)]
  2354 | D:4      | Slain by a giant cockroach

Skill      XL: |  1  2  3  4 |
---------------+-------------+-----
Dodging        | 1 |  1.3
Fighting       | |  3.6
Polearms       | |  2.9
Armour         | |  3.5
Shields        | |  3.6

Action                   |  1- 3 |  4- 6 || total
-------------------------+-------+-------++-------
Melee: Trident           |    73 |   126 ||   199
  Use: Potion            |     4 |     1 ||     5
       Scroll            |       |     5 ||     5
  Eat: Chunk             |     1 |     2 ||     3
Armor: Scale mail        |    41 |    62 ||   103
Dodge: Dodged            |    24 |    45 ||    69
Block: Shield            |    29 |    59 ||    88
